Map: 젠 - 래더

Players

Dream

  • Race: Terran Terran
  • Spawn Location: 1:00

TSGSolar (Solar) - Winner!

  • Race: Zerg Zerg
  • League: Master
  • Spawn Location: 7:00

VOD

Have the link to the VOD?

Description

Time

  • Played on: Jan. 6, 2020, 9:15 p.m.
  • Length: 8:40
Show
View Real Time Build Order
Export as new Build Order

Dream Terran 

Build Orders: Gas First Reaper Expand, Hellion Opening, Mech 

Get SALT Encoding   

  12  0:00  SCV  
  13  0:12  SCV  
  14  0:17  Supply Depot  
  14  0:24  SCV  
  14  0:28  Refinery  
  15  0:38  SCV  
  16  0:44  Barracks  
  16  0:50  SCV  
  17  1:02  SCV  
  18  1:15  SCV  
  19  1:31  Reaper, Orbital Command  
  20  1:42  Command Center  
  20  1:54  Factory  
  20  1:58  SCV  
  21  2:05  Barracks Reactor  
  21  2:10  SCV  
  22  2:22  SCV, Supply Depot  
  22  2:26  Refinery  
  22  2:34  SCV  
  23  2:45  Hellion x2  
  23  2:46  SCV  
  23  2:47  Starport  
  29  2:59  SCV  
  29  3:00  Orbital Command  
  30  3:09  Hellion  
  31  3:15  Hellion  
  31  3:16  SCV  
  34  3:28  SCV  
  34  3:29  SCV, Fusion Core  
  34  3:34  Marine  
  36  3:35  Hellion  
  36  3:40  Hellion  
  41  3:42  SCV  
  41  3:45  SCV  
  43  3:49  Supply Depot  
  43  3:54  SCV  
  43  3:57  SCV  
  44  4:06  SCV, Starport Tech Lab  
  44  4:09  SCV  
  46  4:16  Supply Depot  
  46  4:18  Supply Depot  
  46  4:22  SCV x2  
  48  4:32  Battlecruiser  
  48  4:37  SCV x2  
  56  4:50  Command Center  
  56  4:51  SCV  
  57  4:53  SCV  
  57  4:59  Weapon Refit  
  58  5:03  SCV  
  58  5:04  Refinery x2  
  58  5:05  SCV  
  62  5:15  SCV  
  62  5:17  SCV  
  66  5:27  SCV  
  63  5:29  SCV, Supply Depot  
  63  5:30  Supply Depot  
  64  5:36  Battlecruiser  
  70  5:51  SCV x2, Hellion x2  
  70  5:53  Factory  
  76  5:58  Supply Depot  
  76  6:02  Factory  
  76  6:03  SCV x2, Orbital Command  
  78  6:15  SCV x2  
  80  6:23  Refinery, Engineering Bay  
  80  6:24  Refinery  
  80  6:26  Supply Depot  
  80  6:27  SCV x2  
  83  6:37  Orbital Command  
  82  6:40  Battlecruiser  
  82  6:41  SCV  
  82  6:42  SCV  
  90  6:53  SCV, Factory Tech Lab x2  
  85  6:57  Hellion x2  
  85  7:00  Armory  
  89  7:02  SCV, Supply Depot  
  89  7:03  SCV, Armory  
  89  7:05  Supply Depot  
  89  7:06  SCV  
  92  7:13  Missile Turret  
  92  7:14  SCV  
  92  7:15  SCV  
  94  7:17  Siege Tank x2  
  94  7:20  SCV  
  101  7:26  SCV, Missile Turret  
  101  7:28  SCV  
  107  7:30  Widow Mine x2  
  107  7:34  SCV  
  108  7:38  SCV  
  108  7:41  Factory x2, Missile Turret  
  109  7:46  SCV  
  109  7:47  SCV  
  109  7:48  Missile Turret  
  117  7:53  Missile Turret  
  115  8:00  Siege Tank x2  
  109  8:15  Hellion  
Show
View Real Time Build Order
Export as new Build Order

TSGSolar Zerg - Winner!

Build Orders: Pool First 

Get SALT Encoding   

  12  0:01  Drone  
  13  0:12  Overlord  
  13  0:17  Drone  
  14  0:31  Drone x2  
  14  0:35  Drone  
  17  0:44  Extractor  
  17  0:46  Spawning Pool  
  17  0:49  Drone  
  16  0:55  Drone  
  17  1:08  Drone  
  18  1:19  Hatchery  
  17  1:33  Zergling x4  
  17  1:37  Queen  
  21  1:44  Overlord  
  21  1:50  Metabolic Boost  
  21  1:55  Drone  
  22  2:04  Drone  
  23  2:11  Drone  
  23  2:13  Queen  
  26  2:22  Drone  
  27  2:32  Drone x2  
  27  2:34  Queen  
  30  2:41  Drone  
  31  2:44  Overlord  
  31  2:46  Drone x3  
  34  2:52  Drone  
  35  3:05  Hatchery  
  35  3:11  Drone  
  35  3:12  Drone x2  
  37  3:14  Drone  
  37  3:17  Drone  
  39  3:24  Zergling x4  
  39  3:25  Overlord  
  40  3:28  Drone  
  40  3:31  Queen  
  43  3:35  Overlord  
  43  3:44  Zergling x4  
  43  3:46  Zergling x2  
  46  3:50  Drone x2  
  46  3:51  Zergling x2  
  46  3:55  Drone x2  
  51  3:57  Zergling x2  
  51  3:58  Drone  
  51  4:02  Overlord  
  53  4:07  Drone  
  53  4:08  Lair  
  53  4:09  Overlord  
  54  4:10  Queen  
  56  4:19  Queen  
  56  4:24  Drone x3  
  61  4:26  Roach Warren  
  59  4:32  Drone x5  
  59  4:33  Drone  
  65  4:39  Overlord  
  65  4:40  Drone  
  65  4:42  Drone x2  
  65  4:44  Drone  
  69  4:48  Drone  
  69  4:50  Extractor, Drone  
  69  4:51  Extractor  
  69  4:53  Drone x2  
  69  4:54  Drone  
  69  4:55  Drone  
  69  4:56  Drone  
  74  5:02  Queen, Overlord  
  74  5:05  Roach  
  74  5:06  Roach  
  80  5:10  Overseer  
  80  5:13  Roach  
  82  5:15  Overlord  
  82  5:17  Spore Crawler  
  82  5:18  Spore Crawler  
  80  5:22  Spore Crawler, Drone x4  
  83  5:29  Drone x2  
  83  5:31  Spire, Extractor, Drone  
  83  5:32  Drone  
  83  5:35  Drone x2  
  87  5:36  Drone  
  87  5:39  Drone x2  
  87  5:41  Drone  
  91  5:43  Extractor  
  91  5:44  Drone  
  91  5:45  Extractor, Overlord  
  91  5:46  Glial Reconstitution  
  90  5:50  Drone  
  90  5:52  Drone x3  
  90  5:53  Drone  
  90  5:54  Drone  
  96  6:00  Drone  
  96  6:02  Overlord  
  97  6:08  Roach  
  97  6:10  Roach x2  
  97  6:11  Roach  
  105  6:12  Drone  
  105  6:13  Overlord  
  105  6:14  Queen  
  105  6:17  Drone  
  106  6:18  Overlord  
  106  6:21  Overlord  
  106  6:23  Overlord  
  106  6:26  Overlord  
  106  6:30  Overlord  
  106  6:33  Overlord  
  106  6:40  Overlord  
  106  6:47  Corruptor x5  
  106  6:49  Corruptor  
  106  6:52  Corruptor  
  117  6:56  Corruptor  
  117  6:57  Corruptor  
  121  7:07  Roach x3  
  127  7:10  Overlord  
  128  7:15  Hatchery, Roach  
  128  7:16  Roach x3  
  133  7:22  Evolution Chamber  
  133  7:24  Roach x4  
  133  7:28  Overlord  
  140  7:33  Roach x5  
  140  7:35  Overlord  
  149  7:41  Roach x3  
  153  7:46  Ravager x4  
  153  7:48  Roach  
  153  7:49  Roach  
  161  7:52  Roach x2  
  161  7:53  Zergling x6  
  168  7:59  Overlord  
  168  8:04  Roach x2  
  169  8:07  Roach x4  
  169  8:09  Roach  
  171  8:16  Zergling x8  
Tags
 
Add a new tag
Caveats
  • Supply blocks, unpowered buildings, or Contaminate may cause inaccurate times.
  • Supply counts are checked every 10 seconds.